 Dungeon Crawl Stone Soup version 0.30-a0-123-g91d0c66ccf (webtiles) character file.

Game seed: 219878079726026438

119615 jlumianski the Blocker (level 16, -6/98 HPs)
             Began as a Gargoyle Gladiator on Sept 17, 2022.
             Was a High Priest of Qazlal.
             Mangled by a radroach (54 damage)
             ... on level 3 of the Spider Nest.
             The game lasted 02:11:35 (29555 turns).

jlumianski the Blocker (Gargoyle Gladiator)        Turns: 29555, Time: 02:11:36

Health: -6/98      AC: 35    Str: 29    XL:     16   Next: 80%
Magic:  25/25      EV:  8    Int:  9    God:    Qazlal [*****.]
Gold:   2172       SH: 27    Dex: 11    Spells: 15/15 levels left

rFire   . . .      SeeInvis +    V - +8 mithril axe "Arga" {speed, Will+}
rCold   . . .      Faith    .    x - +2 tower shield
rNeg    + . .      Spirit   .    h - +3 chain mail
rPois   ∞          Reflect  .    c - +2 helmet
rElec   +          Harm     .    z - scarf {+Inv}
rCorr   .          Rampage  .    P - +2 pair of gloves
Will    +++..      Rnd*Tele +    M - +1 pair of boots
Stlth   ..........               u - amulet of regeneration
HPRegen 1.06/turn                B - ring "Qout" {Str+3 SInv}
MPRegen 0.19/turn                K - ring of willpower

@: flying, contaminated, glowing, repel missiles
A: sickness immunity, AC +12, big wings, negative energy resistance 1,
electricity resistance, torment resistance 1, petrification resistance,
teleportitis 1
a: Renounce Religion, Evoke Invisibility, Upheaval, Elemental Force, Disaster
Area


You were on level 3 of the Spider Nest.
You worshipped Qazlal.
Qazlal was extremely pleased with you.
You visited 5 branches of the dungeon, and saw 26 of its levels.
You also visited: Sewer and Gauntlet.

You collected 4390 gold pieces.
You spent 2218 gold pieces at shops.

Inventory:

Hand Weapons
 O - the +9 trident of the Modern Knaves {pain, rF++}
   (You bought it in a shop on level 2 of the Orcish Mines)

   In the hands of one skilled in necromantic magic, it inflicts extra damage on
   living creatures.
   rF:        It greatly protects you from fire.
 V - the +8 mithril axe "Arga" (weapon) {speed, Will+}
   (You acquired it on level 14 of the Dungeon)

   Attacks with this weapon are significantly faster.
   Will:      It increases your willpower.
Missiles
 d - 10 throwing nets
 e - 22 javelins (quivered)
 q - 5 boomerangs of dispersal
 T - 16 poisoned darts
 U - 10 atropa-tipped darts
Armour
 c - a +2 helmet (worn)
 h - a +3 chain mail (worn)
 x - a +2 tower shield (worn)
 z - a scarf of invisibility (worn)
 M - a +1 pair of boots (worn)
 P - a +2 pair of gloves (worn)
Jewellery
 b - the ring "Nampisyi" {Wiz Will++ Str+2}
   (You found it in a Gauntlet)

   [ring of wizardry]

   It improves your spell success rate.
   Str:       It affects your strength (+2).
   Will:      It greatly increases your willpower.
 r - a ring of protection from cold
 u - an amulet of regeneration (around neck)
 B - the ring "Qout" (left hand) {Str+3 SInv}
   (You acquired it on level 7 of the Dungeon)

   [ring of see invisible]

   Str:       It affects your strength (+3).
   SInv:      It lets you see invisible.
 D - a ring of protection from fire
 K - a ring of willpower (right hand)
Wands
 a - a wand of light (5)
 k - a wand of flame (9)
 m - a wand of mindburst (10)
 S - a wand of digging (5)
 W - a wand of iceblast (10)
Scrolls
 j - 4 scrolls of butterflies
 n - a scroll of fear
 o - 13 scrolls of identify
 p - 2 scrolls of immolation
 v - 3 scrolls of amnesia
 y - 3 scrolls of poison
 C - 2 scrolls of magic mapping
 E - 2 scrolls of blinking
 F - a scroll of silence
 X - 3 scrolls of teleportation
 Z - a scroll of summoning
Potions
 f - a potion of magic
 g - 4 potions of cancellation
 i - 3 potions of haste
 l - 14 potions of curing
 s - 2 potions of invisibility
 A - 7 potions of resistance
 N - a potion of heal wounds
 R - 4 potions of might
Miscellaneous
 t - a tin of tremorstones (2/2)
 w - a condenser vane


   Skills:
 + Level 10.5 Fighting
 + Level 0.4 Short Blades
 + Level 14.3(14.4) Axes
 + Level 0.8(10.1) Maces & Flails
 + Level 3.8 Throwing
 + Level 9.8 Armour
 + Level 5.3 Dodging
 + Level 3.0 Stealth
 + Level 14.9 Shields
 * Level 12.9 Invocations
 * Level 10.7 Evocations


You had 15 spell levels left.
You didn't know any spells.
Your spell library contained the following spells:

 Spells                   Type           Power      Damage    Failure   Level
 Apportation              Tloc           0%         N/A       99%         1
 Shock                    Conj/Air       0%         1d3       99%         1
 Static Discharge         Conj/Air       0%         2-2/arc   100%        2
 Dazzling Flash           Conj/Hex       0%         N/A       100%        3
 Ignite Poison            Fire/Tmut/Pois 0%         N/A       100%        3
 Inner Flame              Hex/Fire       0%         N/A       100%        3
 Portal Projectile        Hex/Tloc       0%         N/A       100%        3
 Stone Arrow              Conj/Erth      0%         3d7       100%        3
 Swiftness                Air            0%         N/A       100%        3
 Tukima's Dance           Hex            0%         N/A       100%        3
 Vampiric Draining        Necr           0%         2d6       100%        3
 Airstrike                Air            0%         2d(0-16)  100%        4
 Animate Dead             Necr           0%         N/A       100%        4
 Cause Fear               Hex            0%         N/A       100%        4
 Olgreb's Toxic Radiance  Pois           0%         N/A       100%        4
 Summon Lightning Spire   Summ/Air       0%         N/A       100%        4
 Agony                    Necr           0%         N/A       100%        5
 Alistair's Intoxication  Tmut/Pois      0%         N/A       100%        5
 Arcjolt                  Conj/Air       0%         1d10      100%        5
 Blade Hands              Tmut           0%         N/A       100%        5
 Borgnjor's Vile Clutch   Necr/Erth      0%         N/A       100%        5
 Lightning Bolt           Conj/Air       0%         1d11      100%        5
 Silence                  Hex/Air        0%         N/A       100%        5
 Dragon Form              Tmut           0%         N/A       100%        7
 Malign Gateway           Summ/Tloc      0%         N/A       100%        7
 Ozocubu's Refrigeration  Ice            0%         4d7       100%        7
 Storm Form               Tmut/Air       0%         N/A       100%        7
 Discord                  Hex            0%         N/A       100%        8
 Ignition                 Fire           0%         3d3       100%        8
 Maxwell's Capacitive Co  Air            0%         ∞         100%        8
 Necromutation            Tmut/Necr      0%         N/A       100%        8
 Summon Horrible Things   Summ           0%         N/A       100%        8


Dungeon Overview and Level Annotations

Branches:
Dungeon (15/15)            Temple (1/1) D:4            Lair (5/5) D:11
  Swamp (0/4) Lair:3       Spider (3/4) Lair:2        Slime (0/5) Lair:4
    Orc (2/2) D:10            Elf (0/3) Orc:2        Vaults (0/5) D:14
 Depths (0/4) D:15          Sewer (visited)         Gauntlet (visited)

Altars:
Ashenzari
Cheibriados
Dithmenos
Elyvilon
Fedhas
Gozag
Kikubaaqudgha
Makhleb
Nemelex Xobeh
Okawaru
Qazlal
Ru
Sif Muna
Trog
Vehumet
Xom
Yredelemnul
Zin
Jiyva

Shops:
D:4 [   D:10 ?[=   D:12 :   D:14 (?   Orc:2 (?[*

Annotations:
D:5 Menkaure
D:8 Chimkentus's ghost, novice FeTm


Innate Abilities, Weirdness & Mutations

You are immune to sickness and miasma.
Your stone body is resilient. (AC +12)
You are immune to poison.
Your large and strong wings let you fly.
You resist negative energy. (rN+)
You are resistant to electric shocks. (rElec)
You are resistant to unholy torment.
You are immune to petrification.
You are occasionally teleported next to monsters.


Message History

Press: ? - help, Q - select action, (/) - cycle Shift-Dir - straight line, f - radroach
Aim: a radroach (flame, 80% to hit)
You throw a javelin.
The javelin pierces through the radroach.
The radroach is lightly wounded.
The radroach is engulfed in blazing flames.
The radroach erupts in a fountain of uncontrolled magic!
You are blasted with magical radiation!!
You are very lightly contaminated with residual magic.
You slice the radroach!!
The radroach is moderately wounded.
You block the radroach's attack. x2
You slash the radroach!
The radroach is heavily wounded.
You barely miss the radroach.
The radroach is heavily wounded.
The radroach erupts in a fountain of uncontrolled magic!
You are blasted with magical radiation!!!
* * * LOW HITPOINT WARNING * * *
You are contaminated with residual magic.
You barely miss the radroach.
The radroach is heavily wounded.
The radroach closely misses you. You block the radroach's attack.
You slash the radroach!
The radroach is severely wounded.
You block the radroach's attack. x2
Your body shudders with the violent release of wild energies!
You feel weirdly uncertain.
You feel less contaminated with magical energies.
You slash the radroach!
The radroach is severely wounded.
The radroach erupts in a fountain of uncontrolled magic!
You are blasted with magical radiation!
* * * LOW HITPOINT WARNING * * *
You are contaminated with residual magic.
You feel much better.
The radroach is struck by lightning.
The radroach erupts in a fountain of uncontrolled magic!
You are blasted with magical radiation!!!
Ouch! That really hurt!
You die...

##........... ##
#.#..#.#..... .####
#......#... ....#
#...#....## ...##
#....#.#..# # ....#
##^#.....^## ..#
...####...#†.#°..##
#.^.#
#....##.#.††#.#^°§#...#
....#^#^.##...#.@B....#
##.#.).....#...○..#.###
^...#..#......☼..°.##
.....#..#...^####.##
..##..###^.### ###
#..#.## ##.# ....## ###
...## ####


You could see a radroach.

Vanquished Creatures
  Arachne (Spider:3)
  3 emperor scorpions
  2 broodmothers
  A minotaur (Gauntlet)
  2 spark wasps
  3 dire elephants (Lair:5)
  2 entropy weavers
  Josephine (D:12)
  A green death (Gauntlet)
  4 vault guards (D:14)
  The ghost of Moerroh the Severer, a journeyman MiFi (Orc:1)
  Fannar (Lair:2)
  A ghost crab (Gauntlet)
  A jorogumo (Spider:2)
  3 centaur warriors (D:15)
  3 ogre magi
  A catoblepas (D:13)
  10 two-headed ogres
  3 boulder beetles
  A vampire mage (D:15)
  A spectral dire elephant (Lair:5)
  An orc high priest (Orc:1)
  A pharaoh ant (Spider:2)
  2 skeletal warriors
  2 spectral death yaks (Lair:5)
  A glowing orange brain (shapeshifter) (D:13)
  A sun moth (Spider:2)
  6 orb spiders
  A steelbarb worm (Lair:2)
  A wizard (D:14)
  An obsidian statue (Lair:5)
  3 necromancers
  An orc knight (Orc:2)
  4 orc sorcerers
  20 ugly things
  A will-o-the-wisp (Lair:3)
  An oklob plant (Lair:3)
  11 wolf spiders
  An iron dragon zombie (D:15)
  2 frost giant zombies (D:15)
  A cyclops (D:9)
  A worldbinder (Gauntlet)
  2 manticores
  2 moths of wrath (Spider:2)
  22 elephants
  2 black mambas
  4 torpor snails
  A dire elephant skeleton (Lair:5)
  7 cane toads
  2 orange demons (Gauntlet)
  4 gargoyles
  A rime drake (Lair:5)
  6 demonic crawlers
  3 komodo dragons (Lair:1)
  An unseen horror (D:10)
  A freezing wraith (D:15)
  2 polar bears
  3 trolls
  A polar bear (shapeshifter) (D:13)
  A wolf spider simulacrum (D:14)
  A hornet (D:8)
  An ettin zombie (D:15)
  14 tarantellas
  A blink frog (shapeshifter) (D:15)
  A spectral elephant (Lair:5)
  A raiju (Gauntlet)
  3 slime creatures (D:13)
  10 blink frogs
  12 culicivoras
  18 jumping spiders
  5 shadows
  2 wraiths
  40 yaks
  A human (D:14)
  3 wyverns
  7 vampire mosquitoes
  3 basilisks
  7 steam dragons
  2 wargs (Orc:2)
  25 redbacks
  A death yak simulacrum (D:13)
  4 acid dragons
  11 water moccasins
  A swamp drake (D:8)
  Pargi (Sewer)
  A sky beast (D:7)
  An elephant zombie (Lair:5)
  An ice beast (D:5)
  17 orc warriors
  2 black bears (D:5)
  8 ogres
  6 wolves (Lair:1)
  9 boggarts
  4 centaurs
  2 elephant skeletons (Lair:5)
  A phantom (D:3)
  2 kobold brigands (D:9)
  12 bullfrogs
  2 gnoll sergeants
  2 necrophages
  3 two-headed ogre simulacra
  10 scorpions
  A cane toad simulacrum (Lair:5)
  13 wights
  2 elephant simulacra
  A killer bee (D:9)
  3 electric eels (D:11)
  A howler monkey (D:7)
  4 hounds
  3 jellies
  Crazy Yiuf (D:2)
  A gnoll bouda (D:7)
  23 orc priests
  Jessica (D:3)
  An iguana (D:6)
  Terence (D:3)
  29 orc wizards
  6 hell rats
  A polar bear simulacrum (D:13)
  23 gnolls
  2 naga simulacra (D:13)
  A river rat (D:6)
  3 adders
  3 white imps
  3 ufetubi (D:5)
  5 worms
  5 dart slugs
  34 orcs
  2 bats
  8 endoplasms
  11 giant cockroaches
  7 goblins
  5 hobgoblins
  7 jackals
  5 quokkas (D:1)
  4 ball pythons
  9 frilled lizards
  12 kobolds
  5 rats
  A spectral goblin (D:1)
  A butterfly (D:11)
680 creatures vanquished.

Vanquished Creatures (collateral kills)
  Nessos (Lair:5)
  2 dire elephants (Lair:5)
  A hydra (Lair:3)
  A vault guard (D:14)
  A two-headed ogre (D:10)
  A spectral anaconda (Lair:5)
  An orb spider (Spider:1)
  A pharaoh ant (Spider:1)
  A necromancer (Lair:5)
  An elephant (Lair:5)
  A cane toad (Lair:5)
  A tarantella (Spider:2)
  A jumping spider (Spider:1)
  A culicivora (Spider:1)
  2 wraiths (D:12)
  4 yaks (Lair:5)
  A redback (Spider:1)
  2 orc warriors (Orc:2)
  2 orc priests (Orc:2)
  2 orc wizards (Orc:2)
28 creatures vanquished.

Vanquished Creatures (others)
  A jumping spider (Spider:2)
  3 orc wizards
  A quokka (D:4)
  8 foxfires (Lair:3)
  18 fungi
  55 plants
  40 withered plants
126 creatures vanquished.

Grand Total: 834 creatures vanquished

Notes
Turn   | Place    | Note
-------+----------+-------------------------------------------
     0 | D:1      | jlumianski the Gargoyle Gladiator began the quest for the
                  | Orb.
     0 | D:1      | Reached XP level 1. HP: 12/12 MP: 1/1
   170 | D:1      | Reached XP level 2. HP: 10/18 MP: 2/2
   964 | D:2      | Reached XP level 3. HP: 18/22 MP: 3/3
  1049 | D:2      | Found a runed translucent door.
  1050 | D:2      | Noticed Crazy Yiuf
  1141 | D:2      | Reached XP level 4. HP: 20/27 MP: 4/4
  1281 | D:1      | Found a faded altar of an unknown god.
  1654 | D:1      | Reached skill level 1 in Armour
  2454 | D:2      | Killed Crazy Yiuf
  2455 | D:2      | Reached XP level 5. HP: 26/31 MP: 5/5
  2984 | D:4      | Noticed a phantom
  2984 | D:4      | Found Tur Gaxt's Armour Boutique.
  2984 | D:4      | Found a white marble altar of Elyvilon.
  3023 | D:3      | Killed a phantom
  3024 | D:3      | Reached XP level 6. HP: 16/36 MP: 6/6
  3221 | D:3      | Found a shadowy altar of Dithmenos.
  3232 | D:3      | Found a snail-covered altar of Cheibriados.
  3259 | D:3      | Noticed Jessica
  3267 | D:3      | Killed Jessica
  3445 | D:3      | Noticed Terence
  3452 | D:3      | Killed Terence
  3453 | D:3      | Reached skill level 5 in Axes
  3603 | D:4      | Found a staircase to the Ecumenical Temple.
  3623 | Temple   | Entered the Ecumenical Temple
  3648 | Temple   | Became a worshipper of Qazlal Stormbringer
  3775 | D:5      | Entered Level 5 of the Dungeon
  3840 | D:5      | Noticed a black bear
  4382 | D:6      | Found a glowing drain.
  4387 | Sewer    | Entered a sewer
  4434 | Sewer    | Noticed Pargi
  4492 | Sewer    | Killed Pargi
  4493 | Sewer    | Reached skill level 1 in Shields
  4493 | Sewer    | Reached XP level 7. HP: 16/41 MP: 7/7
  4805 | D:5      | Noticed a rust devil
  4805 | D:5      | Noticed a rust devil
  5179 | D:5      | Noticed Menkaure
  5559 | D:5      | Found a blossoming altar of Fedhas.
  5755 | D:5      | Reached XP level 8. HP: 47/47 MP: 8/8
  5793 | D:5      | Reached * piety under Qazlal
  5878 | D:5      | Found a glowing silver altar of Zin.
  6030 | D:5      | Reached skill level 1 in Invocations
  6030 | D:5      | Reached skill level 1 in Evocations
  7252 | D:7      | Identified a scroll of acquirement
  7252 | D:7      | Acquired the ring "Qout" {Str+3 SInv}
  7309 | D:7      | Reached skill level 5 in Shields
  7343 | D:7      | Reached XP level 9. HP: 45/52 MP: 10/10
  7434 | D:7      | Found a burning altar of Makhleb.
  7924 | D:8      | Noticed a troll
  7927 | D:8      | Found a transporter.
  7929 | D:8      | Noticed Chimkentus's ghost (novice FeTm)
  7930 | D:8      | Noticed a moth of wrath
  7975 | D:8      | Reached ** piety under Qazlal
  8202 | D:8      | Noticed a hornet
  8212 | D:8      | Killed a hornet
  8322 | D:8      | Found a transporter.
  8328 | D:8      | Found a bloodstained altar of Trog.
  8675 | D:8      | HP: 2/52 [troll (2)]
  9011 | D:10     | Entered Level 10 of the Dungeon
  9086 | D:9      | Found a broken altar of Ashenzari.
  9425 | D:9      | Found a radiant altar of Vehumet.
  9515 | D:9      | Reached skill level 5 in Armour
  9515 | D:9      | Reached XP level 10. HP: 50/58 MP: 13/13
 10131 | D:9      | Reached skill level 5 in Invocations
 10279 | D:9      | Reached skill level 5 in Fighting
 10297 | D:9      | Noticed a cyclops
 10305 | D:9      | Killed a cyclops
 10659 | D:9      | Noticed a green ugly thing
 10673 | D:9      | Killed a green ugly thing
 11196 | D:9      | Reached skill level 5 in Evocations
 11436 | D:11     | Noticed a manticore
 11557 | D:11     | Noticed a boulder beetle
 11572 | D:10     | Noticed an unseen horror
 11576 | D:10     | Killed an unseen horror
 11576 | D:10     | Reached *** piety under Qazlal
 11577 | D:10     | Reached skill level 1 in Stealth
 11577 | D:10     | Reached XP level 11. HP: 64/64 MP: 15/15
 11851 | D:10     | Found Budashroe's Armour Shop.
 11854 | D:10     | Bought a +0 pair of gloves for 67 gold pieces
 11894 | D:10     | Found Libiyfuga's Jewellery Shoppe.
 11897 | D:10     | Bought an amulet of regeneration for 420 gold pieces
 11987 | D:10     | Found a staircase to the Orcish Mines.
 12037 | D:10     | Noticed a two-headed ogre
 12052 | D:10     | Killed a two-headed ogre
 12097 | D:10     | Found Reawnoxt's Magic Scroll Boutique.
 12370 | D:11     | Found a staircase to the Lair.
 12381 | D:11     | Killed a manticore
 12680 | D:11     | Killed a boulder beetle
 12724 | D:11     | Found a runed translucent door.
 12726 | D:11     | Found a runed translucent door.
 12871 | D:11     | Noticed a boulder beetle
 12886 | D:11     | Killed a boulder beetle
 13351 | D:12     | Noticed Josephine
 13360 | D:12     | Killed Josephine
 13361 | D:12     | Reached XP level 12. HP: 68/70 MP: 11/17
 13362 | D:12     | Reached skill level 10 in Shields
 13365 | D:12     | Found Xueniria's Book Shoppe.
 13517 | D:13     | Found a frozen archway.
 13668 | Orc:1    | Entered Level 1 of the Orcish Mines
 13776 | Orc:1    | Found a large runed translucent door.
 13776 | Orc:1    | Found a large runed translucent door.
 13781 | Orc:1    | Noticed Moerroh's ghost (journeyman MiFi)
 13867 | Orc:1    | Killed Moerroh's ghost
 13922 | Orc:2    | Entered Level 2 of the Orcish Mines
 13922 | Orc:2    | Found a staircase to the Elven Halls.
 14306 | Orc:1    | Found a shimmering blue altar of Sif Muna.
 14616 | Orc:2    | Noticed an orc high priest
 14628 | Orc:2    | Noticed a soul eater
 14697 | Orc:1    | Noticed a soul eater
 14707 | Orc:1    | Killed an orc high priest
 14889 | Orc:2    | Reached **** piety under Qazlal
 14990 | Orc:2    | Paralysed by an orc sorcerer for 4 turns
 15110 | Orc:2    | Reached skill level 10 in Axes
 15294 | D:10     | Bought a scroll of acquirement for 728 gold pieces
 15298 | D:10     | Acquired a +2 executioner's axe of electrocution
 15501 | Orc:2    | Found Seuxiz's Armour Boutique.
 15501 | Orc:2    | Found Etenihal's Antique Weapon Shop.
 15502 | Orc:2    | Found Raallef's Magic Scroll Shop.
 15506 | Orc:2    | Found But Biape's Assorted Antiques.
 15512 | Orc:2    | Bought a scroll of blinking for 112 gold pieces
 15513 | Orc:2    | Bought a runed broad axe for 161 gold pieces
 15971 | Lair:1   | Entered Level 1 of the Lair of Beasts
 16289 | Lair:1   | Found a gate leading to a gauntlet.
 16301 | Gauntlet | Entered a Gauntlet
 16301 | Gauntlet | Found a transporter.
 16307 | Gauntlet | Found a transporter.
 16312 | Gauntlet | Found a transporter.
 16317 | Gauntlet | Found a transporter.
 16329 | Gauntlet | Found a transporter.
 16329 | Gauntlet | Found a transporter.
 16340 | Gauntlet | Found a transporter.
 16341 | Gauntlet | Found a transporter.
 16345 | Gauntlet | Found a runed translucent door.
 16347 | Gauntlet | Found a runed translucent door.
 16347 | Gauntlet | Noticed a ghost crab
 16349 | Gauntlet | Found a transporter.
 16353 | Gauntlet | Found a transporter.
 16360 | Gauntlet | Noticed a green death
 16362 | Gauntlet | Found a transporter.
 16384 | Gauntlet | Found a transporter.
 16396 | Gauntlet | Found a transporter.
 16408 | Gauntlet | Found a transporter.
 16412 | Gauntlet | Found a runed translucent door.
 16455 | Gauntlet | Noticed a deep elf knight
 16512 | Gauntlet | Reached XP level 13. HP: 76/76 MP: 19/19
 16574 | Gauntlet | Identified the ring "Nampisyi" {Wiz Will++ Str+2}
 16604 | Gauntlet | Killed a green death
 16663 | Gauntlet | Identified the +1 buckler of the Northern Lights {rN+ Will-
                  | rCorr SInv}
 16663 | Gauntlet | Noticed a minotaur
 16674 | Gauntlet | Killed a minotaur
 16725 | Lair:1   | You fall into a shaft and drop 1 floor!
 17920 | Lair:2   | Found a hole to the Spider Nest.
 18001 | Lair:2   | Noticed Fannar
 18008 | Lair:2   | Killed Fannar
 18671 | Lair:3   | Reached ***** piety under Qazlal
 18719 | Lair:3   | Found a staircase to the Swamp.
 18800 | Lair:3   | Found a radiant altar of Vehumet.
 18865 | Lair:3   | Identified the +1 ring mail of Zin, Gazing {rN+ Regen+
                  | SInv}
 19392 | Lair:4   | Found a staircase to the Slime Pits.
 19393 | Lair:4   | Found a viscous altar of Jiyva.
 19778 | Lair:5   | Entered Level 5 of the Lair of Beasts
 20034 | Lair:4   | Reached skill level 10 in Invocations
 20034 | Lair:4   | Gained mutation: Your large and strong wings let you fly.
                  | [Gargoyle growth]
 20034 | Lair:4   | Reached XP level 14. HP: 84/84 MP: 21/21
 20380 | Lair:4   | Got the Spellbook of the Reformed Rocks
 20781 | Lair:5   | Noticed Nessos
 20796 | Lair:5   | Killed Nessos
 21315 | Lair:5   | Identified the +0 robe of Bikuadoc {rCorr}
 21390 | Lair:5   | Noticed a dire elephant
 21390 | Lair:5   | Noticed a dire elephant
 21390 | Lair:5   | Noticed a dire elephant
 21390 | Lair:5   | Noticed a dire elephant
 21390 | Lair:5   | Noticed a dire elephant
 21411 | Lair:5   | Killed a dire elephant
 22078 | Lair:5   | Got Kikubaaqudgh's Parchment of the Mausoleum
 22133 | Lair:5   | Killed a dire elephant
 22264 | Lair:5   | Killed a dire elephant
 22336 | Lair:5   | Killed a dire elephant
 22338 | Lair:5   | Killed a dire elephant
 24046 | D:15     | Entered Level 15 of the Dungeon
 24054 | D:14     | Reached XP level 15. HP: 90/90 MP: 23/23
 24085 | D:13     | Reached skill level 5 in Dodging
 24562 | Orc:2    | Bought a crude trident for 263 gold pieces
 24562 | Orc:2    | Identified the +9 trident of the Modern Knaves {pain, rF++}
                  | (You bought it in a shop on level 2 of the Orcish Mines)
 24753 | D:14     | Found Ycuamido's Weapon Shop.
 24998 | D:14     | Found a gate to the Vaults.
 25572 | D:14     | Found Volul's Magic Scroll Shop.
 25579 | D:14     | Bought a scroll of magic mapping for 97 gold pieces
 25587 | D:14     | Acquired 809 gold pieces
 25589 | D:14     | Acquired the +8 mithril axe "Arga" {speed, Will+}
 25589 | D:14     | Found the +8 mithril axe "Arga" {speed, Will+}
 25591 | D:14     | Acquired 1091 gold pieces
 26169 | D:15     | Reached skill level 10 in Evocations
 26214 | D:15     | Found a shadowy altar of Dithmenos.
 26414 | D:15     | Found a staircase to the Depths.
 26794 | Spider:1 | Entered Level 1 of the Spider Nest
 26809 | Lair:2   | Reached skill level 10 in Fighting
 26987 | Lair:2   | Reached XP level 16. HP: 85/97 MP: 25/25
 27687 | Orc:2    | Bought a scarf of invisibility for 168 gold pieces
 27693 | Orc:2    | Bought a scroll of silence for 142 gold pieces
 27693 | Orc:2    | Bought a scroll of butterflies for 60 gold pieces
 29308 | Spider:3 | Noticed Arachne
 29337 | Spider:3 | Killed Arachne
 29553 | Spider:3 | Gained mutation: You are occasionally teleported next to
                  | monsters. [mutagenic glow]
 29555 | Spider:3 | Mangled by a radroach

Illustrated notes

Levels and vault maps discovered:
D:1:      wheals_arrival_linesprint, layout_basic,
          dreamdust_ecumenical_altar_drowned_temple
D:2:      layout_rooms, uniq_crazy_yiuf_cottage
D:3:      layout_rooms, amethyst_overflow_temple_binary, minmay_statues_item,
          minivault_4, uniq_jessica, uniq_terence
D:4:      layout_loops_ring, elyvilon_altar_4, minmay_temple_entry_wispy,
          serial_shops, shop_statue
D:5:      cheibrodos_iron_armory, layout_basic, mainiacjoe_overflow_paths,
          mainiacjoe_overflow_surrounded_room, abandoned_shop, uniq_menkaure
D:6:      layout_basic, gup_sewer_entry_bowl, minmay_misc_feat_enclosed,
          minmay_parallelograms
D:7:      layout_rooms, mainiacjoe_overflow_brackets, minmay_misc_feat_doors
D:8:      layout_basic, gammafunk_ghost_wrathful_warriors, nicolae_grassy_gnolls
D:9:      cheibrodos_barr_body, layout_stronghold, nicolae_vehumet_altar_sigil,
          cheibrodos_ashenzari_chains, grunt_potential
D:10:     layout_irregular_city, david_orc_4, serial_shops,
          nicolae_shop_behind_doors, nicolae_shop_waterfront,
          nicolae_shop_behind_doors, kennysheep_generic_room_15
D:11:     lemuel_insect_pit, layout_basic, lair_entry_dummy
D:12:     layout_stronghold, serial_shops, shop_statue, uniq_josephine
D:13:     layout_loops_ring, portal_ice_cave_entry_ice_simulacra,
          grunt_decor_junction
D:14:     layout_loops_corners, grunt_vaults_entry_fortified, serial_shops,
          shop, shop_fountains, shop_scrolls, minivault_11
D:15:     gammafunk_depths_entry_grave, layout_basic,
          nicolae_dithmenos_through_a_glass_darkly, kennysheep_flooded_box
Temple:   nicolae_temple_superstar
Lair:1:   layout_cave_pods, gauntlet_entry_generic,
          chequers_serial_rivers_micro_b
Lair:2:   layout_layer_cave, spider_nest_entry_web_field, uniq_fannar
Lair:3:   layout_roguey, minmay_swamp_entry_wisps, st_stairs_12,
          lemuel_oklob_altar
Lair:4:   layout_cave_pods, nicolae_slime_entry_slimehenge, grunt_megastairs_5,
          infiniplex_staircase_pool, serial_bayou_shore_b
Lair:5:   due_jungle_book, layout_regular_city, uniq_nessos
Spider:1: layout_spider_delve
Spider:2: layout_chambers
Spider:3: layout_spider_delve, ebering_ghost_xom, nicolae_looking_at_the_future,
          uniq_arachne
Orc:1:    layout_caves, basic_altar, ebering_ghost_disaster_area,
          kennysheep_orc_sif_temple
Orc:2:    st_orc_mages, layout_diamond_mine

Skill      XL: |  1  2  3  4  5  6  7  8  9 10 11 12 13 14 15 16 |
---------------+-------------------------------------------------+-----
Throwing       | 2 3 |  3.8
Axes           | 3 4 5 6 7 9 10 11 12 13 14 | 14.3
Armour         | 1 2 3 4 5 6 7 8 9 |  9.8
Fighting       | 3 4 5 6 7 8 9 10 | 10.5
Dodging        | 3 4 5 |  5.3
Shields        | 1 3 5 7 8 9 10 11 12 13 14 | 14.9
Invocations    | 2 4 6 7 8 10 11 12 | 12.9
Evocations     | 2 3 5 6 7 8 9 10 | 10.7
Stealth        | 1 2 3 |  3.0
Short Blades   | |  0.4
Maces & Flails | |  0.8

Action                   |  1- 3 |  4- 6 |  7- 9 | 10-12 | 13-15 | 16-18 || total
-------------------------+-------+-------+-------+-------+-------+-------++-------
Melee: War axe           |    72 |   254 |   263 |   571 |       |       ||  1160
       Punch             |     1 |     1 |       |       |       |       ||     2
       Quick blade       |       |     8 |       |       |       |       ||     8
       Broad axe         |       |       |       |    77 |   988 |   322 ||  1387
       Executioner's axe |       |       |       |     1 |       |       ||     1
       Flail             |       |       |       |       |     1 |       ||     1
       Morningstar       |       |       |       |       |     5 |       ||     5
Throw: Dart              |       |     3 |       |    27 |       |       ||    30
       Javelin           |       |       |    13 |       |    10 |     1 ||    24
Invok: Elemental Force   |       |       |       |     6 |     6 |     2 ||    14
       Upheaval          |       |       |       |     1 |     4 |       ||     5
Evoke: Wand              |       |     3 |     1 |     1 |     1 |       ||     6
       Tin of tremorston |       |       |       |       |     2 |       ||     2
  Use: Scroll            |       |    13 |     8 |     8 |    12 |     1 ||    42
       Potion            |       |     3 |     1 |     3 |     1 |     1 ||     9
 Stab: Paralysed         |       |       |       |     1 |     9 |     1 ||    11
       Confused          |       |       |       |     1 |       |       ||     1
       Invisible         |       |       |       |       |     1 |       ||     1
       Distracted        |       |       |       |       |       |     1 ||     1
Armor: Leather armour    |    31 |       |       |       |       |       ||    31
       Ring mail         |       |    30 |       |       |       |       ||    30
       Scale mail        |       |    69 |       |       |       |       ||    69
       Chain mail        |       |   117 |   226 |   315 |   681 |   226 ||  1565
       Fire dragon scale |       |       |       |     1 |       |       ||     1
Dodge: Dodged            |    55 |   105 |   109 |   143 |   256 |    78 ||   746
       Repelled          |       |       |       |       |     4 |       ||     4
Block: Tower shield      |       |   126 |   421 |   750 |  1489 |   552 ||  3338

Table legend: (Time is in decaauts)
 A = Elapsed time spent in this place.
 B = Non-inter-level travel time spent in this place.
 C = Inter-level travel time spent in this place.
 D = Time resting spent in this place.
 E = Time spent auto-exploring this place.
 F = Levels seen in this place.
 G = Mean time per level.
                   A        B        C        D        E       F      G
               +--------+--------+--------+--------+--------+-----+--------+
         Total |  30464 |  27998 |   2466 |   2489 |  14296 |  28 | 1088.0 |
       Dungeon |  18346 |  16941 |   1405 |   2148 |   8536 |  15 | 1223.1 |
        Temple |     54 |     54 |      0 |      0 |      0 |   1 |   54.0 |
          Lair |   6745 |   6024 |    721 |    104 |   3808 |   5 | 1349.0 |
   Spider Nest |   2120 |   2047 |     73 |     24 |   1147 |   3 |  706.7 |
  Orcish Mines |   2345 |   2080 |    265 |     72 |    748 |   2 | 1172.5 |
         Sewer |    446 |    446 |      0 |    122 |     56 |   1 |  446.0 |
      Gauntlet |    405 |    405 |      0 |     19 |      0 |   1 |  405.0 |
               +--------+--------+--------+--------+--------+-----+--------+

Top non-repeatable levels by time:
     D:9: 2562 daAuts
  Lair:2: 1821 daAuts
     D:1: 1702 daAuts
  Lair:5: 1673 daAuts
    D:10: 1576 daAuts
     D:5: 1464 daAuts
   Orc:2: 1383 daAuts
     D:8: 1379 daAuts
Spider:2: 1249 daAuts
    D:13: 1219 daAuts
  Lair:1: 1182 daAuts
    D:11: 1149 daAuts
     D:4: 1085 daAuts
  Lair:4: 1069 daAuts
    D:14: 1069 daAuts
